Map: Kairos Junction LE

Players

Rodney - Winner!

  • Race: Zerg Zerg
  • League: Silver
  • Spawn Location: 11:00

TiPtOP

  • Race: Terran Terran
  • League: Silver
  • Spawn Location: 5:00

VOD

Have the link to the VOD?

Description

Time

  • Played on: May 7, 2019, 1:57 a.m.
  • Length: 11:10
Show
View Real Time Build Order
Export as new Build Order

Rodney Zerg - Winner!

Build Orders: Pool First 

Get SALT Encoding   

  12  0:01  Drone  
  13  0:12  Overlord  
  13  0:18  Drone  
  14  0:31  Drone x2  
  14  0:35  Drone  
  17  0:47  Spawning Pool  
  17  0:49  Drone  
  17  1:10  Hatchery  
  16  1:16  Drone  
  17  1:19  Overlord  
  17  1:30  Extractor  
  16  1:34  Queen  
  18  1:43  Zergling x6  
  21  1:54  Drone  
  23  2:08  Drone  
  23  2:10  Queen  
  25  2:26  Queen  
  25  2:28  Drone x2  
  29  2:30  Overlord  
  29  3:01  Drone x2  
  29  3:02  Drone x5  
  36  3:21  Drone x3  
  36  3:24  Overlord  
  39  3:35  Overlord  
  39  3:36  Overlord, Baneling Nest  
  39  3:37  Zergling x2  
  39  3:38  Zergling x4  
  41  3:41  Metabolic Boost  
  40  4:01  Drone x2  
  40  4:02  Drone x2  
  44  4:09  Queen  
  46  4:17  Drone x2  
  46  4:18  Overlord, Drone  
  46  4:19  Hatchery  
  48  4:28  Baneling x5  
  48  4:37  Drone x4  
  52  4:38  Overlord  
  52  4:39  Overlord  
  52  4:41  Queen  
  52  5:35  Zergling x2  
  52  5:36  Zergling x20  
  52  5:41  Lair  
  63  5:45  Queen  
  65  5:54  Hatchery  
  64  5:58  Drone x3, Extractor  
  64  5:59  Drone x3  
  64  6:00  Drone  
  64  6:01  Evolution Chamber, Spore Crawler  
  64  6:02  Evolution Chamber  
  67  6:08  Extractor  
  67  6:09  Spore Crawler  
  65  6:12  Extractor  
  64  6:22  Baneling  
  64  6:23  Baneling x4  
  64  6:34  Drone  
  64  6:36  Drone x3  
  64  6:37  Drone x2  
  64  6:38  Drone  
  71  6:55  Overlord x2  
  71  6:56  Overlord x2  
  71  7:00  Zerg Melee Weapons Level 1  
  71  7:02  Drone x4  
  71  7:03  Queen  
  77  7:21  Overlord  
  77  7:23  Overlord  
  77  7:27  Zergling x2  
  77  7:28  Zergling x14  
  85  7:32  Centrifical Hooks  
  85  7:39  Queen  
  85  7:41  Overlord x2  
  81  7:53  Zergling x2  
  81  7:54  Zergling x20  
  92  8:00  Overlord x2  
  90  8:09  Zergling x16  
  94  8:26  Zergling x2  
  94  8:27  Zergling x10  
  90  8:44  Zergling x2  
  90  8:45  Zergling x18  
  97  8:54  Zerg Ground Armor Level 1  
  97  8:55  Zergling x2  
  96  8:56  Zergling x6  
  96  9:02  Zergling x4  
  99  9:10  Zergling x2  
  99  9:11  Zergling x8  
  101  10:02  Baneling x7  
  101  10:03  Baneling  
  101  10:11  Hydralisk Den  
  101  10:13  Infestation Pit  
  99  10:26  Drone x3  
  99  10:27  Drone x2  
  104  10:29  Drone  
  104  10:30  Drone x5  
Show
View Real Time Build Order
Export as new Build Order

TiPtOP Terran 

Build Orders:  

Get SALT Encoding   

  12  0:01  SCV  
  13  0:13  SCV  
  14  0:23  Supply Depot  
  14  0:26  SCV  
  15  0:44  SCV  
  15  0:48  Barracks  
  16  0:56  Refinery, SCV  
  17  1:09  SCV  
  18  1:16  Barracks  
  18  1:31  SCV  
  19  1:40  Supply Depot  
  19  1:46  Reaper  
  20  1:48  SCV  
  21  2:00  SCV  
  21  2:19  Barracks Reactor  
  21  2:38  Supply Depot  
  21  2:39  Barracks Tech Lab  
  21  2:45  Refinery, SCV  
  21  3:01  SCV  
  22  3:15  Command Center  
  22  3:21  Marine  
  22  3:22  Marine x2  
  24  3:32  SCV  
  25  3:39  Marine  
  26  3:45  Factory  
  26  3:52  Engineering Bay  
  26  4:08  Command Center  
  26  4:14  Marine x2, Marauder  
  30  4:20  Stimpack  
  30  4:32  Starport  
  30  4:33  Factory Reactor  
  30  4:55  Marine x2, Marauder  
  34  5:02  SCV  
  35  5:13  Marine x2  
  37  5:16  Marauder  
  37  5:19  Supply Depot  
  39  5:24  Supply Depot  
  35  5:30  Bunker  
  35  5:33  Medivac  
  37  5:37  SCV  
  37  5:41  SCV  
  39  5:53  SCV  
  40  6:01  SCV  
  41  6:13  Medivac  
  41  6:15  Medivac  
  45  6:19  Terran Infantry Weapons Level 1  
  45  6:22  SCV  
  45  6:23  Orbital Command  
  46  6:28  Marine x2, Marauder  
  50  6:36  SCV, Barracks  
  51  6:41  Refinery  
  51  6:47  Marine  
  51  6:50  Marauder  
  54  7:13  Marine x2, Marauder  
  58  7:20  Supply Depot  
  58  7:24  Barracks  
  50  8:12  Liberator  
  35  8:27  Marine x2  
  35  8:28  Marauder  
  35  8:33  Marine x2  
  43  8:39  Bunker  
  43  8:45  Marine x2  
  41  8:48  Marine  
  41  8:50  Marine  
  31  8:59  Marine  
  24  9:03  Marine  
  24  9:06  Marine  
  24  9:09  Marine  
  9  9:33  Marine x3, Marauder  
  9  9:36  SCV  
  15  9:48  SCV  
  15  9:51  Marine x2  
  18  9:53  Command Center  
  18  9:55  Marauder  
  20  10:15  SCV  
  21  10:27  SCV  
Tags
 
Add a new tag
Caveats
  • Supply blocks, unpowered buildings, or Contaminate may cause inaccurate times.
  • Supply counts are checked every 10 seconds.